 Dungeon Crawl Stone Soup version 0.32-a0-616-g9348d4545b (webtiles) character file.

Game seed: 9993341919523274458

84 javelincjr the Magician (level 4, 0/33 HPs)
             Began as a Djinni Hedge Wizard on Mar 5, 2024.
             Slain by a hound (4 damage)
             ... on level 3 of the Dungeon.
             The game lasted 00:06:05 (2057 turns).

javelincjr the Magician (Djinni Hedge Wizard)       Turns: 2057, Time: 00:06:06

Health: 0/33       AC:  3    Str:  9    XL:     4   Next: 74%
Gold:   104        EV: 12    Int: 17    God:
                   SH:  0    Dex: 13

rFire   + + .        a - +0 dagger
rCold   x . .        (no shield)
rNeg    . . .        b - +0 robe
rPois   ∞            c - +0 hat
rElec   .            (no cloak)
rCorr   .            o - +0 pair of gloves
SInv    .            (boots unavailable)
Will    .....        (no amulet)
Stlth   ++           e - ring of wizardry
HPRegen 0.25/turn    (no ring)
MPRegen 0.00/turn

%: wizardry (x1), infuse magic (-1 HP)
@: flying, very slightly contaminated
A: sickness immunity, fire resistance 2, cold vulnerability 1, float, innate
caster, HP casting, extra vitality 1
a: Convert to Beogh


You were on level 3 of the Dungeon.
You visited 1 branch of the dungeon, and saw 3 of its levels.

You collected 104 gold pieces.

Inventory:

Hand Weapons
 a - a +0 dagger (weapon)
Missiles
 g - 2 poisoned darts
 n - 6 javelins
Armour
 b - a +0 robe (worn)
 c - a +0 hat (worn)
 o - a +0 pair of gloves (worn)
Jewellery
 e - a ring of wizardry (left hand)
Scrolls
 d - a scroll of poison {unknown}
 f - a scroll of revelation {unknown}
 h - 2 scrolls of noise {unknown}
 i - 2 scrolls of identify {unknown}
 j - 2 scrolls of enchant armour {unknown}
 l - a scroll of teleportation {unknown}
 m - a scroll of immolation {unknown}
 q - a scroll of fear {unknown}
 r - a scroll of enchant weapon {unknown}
Potions
 k - a potion of might {unknown}
 p - a potion of heal wounds {unknown}


   Skills:
 * Level 2.1 Fighting
 + Level 2.7 Dodging
 + Level 2.1 Stealth
 * Level 3.5 Spellcasting
 * Level 3.5 Conjurations
 * Level 3.5 Hexes
 * Level 3.5 Summonings
 * Level 3.5 Necromancy
 * Level 3.5 Translocations
 * Level 3.5 Fire Magic
 * Level 3.5 Ice Magic
 * Level 3.5 Air Magic
 * Level 3.5 Earth Magic
 * Level 3.5 Alchemy


You knew the following spells:

 Your Spells              Type           Power      Damage    Failure   Level
a - Magic Dart            Conj           60%        1d6       1%          1
b - Slow                  Hex            60%        N/A       1%          1
c - Blink                 Tloc           30%        N/A       2%          2
d - Call Imp              Summ           30%        N/A       2%          2
e - Mephitic Cloud        Conj/Alch/Air  15%        N/A       4%          3
f - Foxfire               Conj/Fire      60%        2x1d7     1%          1
Your spell library was empty.

Dungeon Overview and Level Annotations

Branches:
Dungeon (3/15)

Altars:

Shops:
D:1 *


Innate Abilities, Weirdness & Mutations

You are immune to sickness and miasma.
You are immune to poison.
Your flesh is very heat resistant. (rF++)
You are vulnerable to cold. (rC-)
You float through the air rather than walking.
You learn spells naturally, not from books.
Your magical power is your life essence.
You have superior vitality. (+4 MHP)


Message History

The hound closely misses you.
You conjure some foxfire!
The foxfire hits the hound.
The hound is severely wounded.
The foxfire hits the orc but does no damage.
The hound barely misses you. The hound bites you. The orc closely misses you.
The orc priest shouts, "The Pantheon deserves no one's loyalty.
Let us show you the true path!" (press Y on the ability menu to convert to Beogh) Saving game... please wait.
Welcome back, javelincjr the Djinni Hedge Wizard.
Press ? for a list of commands and other information.
The foxfire hits the orc.
The orc is moderately wounded.
The hound barely misses you. The hound barely misses you.
The hound attacks as it pursues you! The hound barely misses you. x2
The hound barely misses you.
Cast which spell? (? or * to list)
You blink.
The orc hits you with a +0 club.
Casting: Blink (safe; 2% risk of failure)
Confirm with . or Enter, or press ? or * to list all spells.
You miscast Call Imp.
You are very lightly contaminated with residual magic.
Nothing appears to happen.
The orc closely misses you. The hound bites you. x2
The orc priest attacks as it pursues you!
The orc priest misses you. The orc attacks as it pursues you!
The orc hits you with a +0 club.
* * * LOW HITPOINT WARNING * * *
The hound bites you.
* * * LOW HITPOINT WARNING * * *
Casting: Call Imp (safe; 2% risk of failure)
Confirm with . or Enter, or press ? or * to list all spells.
A tiny devil pulls itself out of the air.
The orc priest shouts, "The Pantheon deserves no one's loyalty.
Let us show you the true path!"
* * * LOW HITPOINT WARNING * * *
You feel ready to blink again. The hound misses you.
The orc closely misses you.
Your cerulean imp hits the orc but does no damage.
The hound bites you.
You die...

#..#.###.####.......
#.............#
####.#######..# #..#
#..# #..#
###).#########
##.#####o5...........
#.....@ho...#########
##..######..##### #
##.#...# #..###.#
##.## #o).#
......[...#
..........#
#.#.....#.#


You could see a hound, an orc priest, an orc (ally target) and a friendly
cerulean imp (summoned).

Vanquished Creatures
  An orc wizard (D:3)
  2 adders
  A dart slug (D:1)
  A ribbon worm (D:2)
  An orc (D:3)
  4 ball pythons
  3 endoplasms (D:1)
  2 giant cockroaches
  7 goblins
  2 hobgoblins
  3 quokkas
  A frilled lizard (D:2)
  3 kobolds (D:2)
  3 rats (D:1)
34 creatures vanquished.

Vanquished Creatures (collateral kills)
  A kobold (D:2)
1 creature vanquished.

Vanquished Creatures (others)
  98 foxfires
98 creatures vanquished.

Grand Total: 133 creatures vanquished

Notes
Turn   | Place    | Note
-------+----------+-------------------------------------------
     0 | D:1      | javelincjr the Djinni Hedge Wizard began the quest for the
                  | Orb.
     0 | D:1      | javelincjr set off with the following spells memorised:
                  | Magic Dart, Slow, Blink, Call Imp, Mephitic Cloud.
     0 | D:1      | Reached XP level 1. HP: 15/15 MP: 0/0
   250 | D:1      | Reached XP level 2. HP: 22/22 MP: 0/0
   656 | D:1      | Reached skill level 1 in Fighting
   736 | D:1      | Reached XP level 3. HP: 19/27 MP: 0/0
   736 | D:1      | Learned a level 1 spell: Foxfire
   814 | D:1      | Found Acapa's General Store.
  1939 | D:3      | Reached XP level 4. HP: 25/33 MP: 0/0
  2057 | D:3      | Slain by a hound

Illustrated notes

Levels and vault maps discovered:
D:1:      matt_arrival_spirals, layout_loops_ring, serial_shops, shop
D:2:      layout_basic
D:3:      layout_loops_ring, ebering_ghost_reflecting_pool, chequers_jeans

Skill      XL: |  1  2  3  4 |
---------------+-------------+-----
Fighting       | 1 2 |  2.1
Stealth        | 2 |  2.1
Dodging        | |  2.7
Spellcasting   | |  3.5
Conjurations   | |  3.5
Hexes          | |  3.5
Summonings     | |  3.5
Necromancy     | |  3.5
Translocations | |  3.5
Fire Magic     | |  3.5
Ice Magic      | |  3.5
Air Magic      | |  3.5
Earth Magic    | |  3.5
Alchemy        | |  3.5

Action                     |  1- 3 |  4- 6 || total
---------------------------+-------+-------++-------
  Melee: Dagger            |    20 |     1 ||    21
   Cast: Magic Dart        |    36 |       ||    36
         Foxfire           |    50 |    20 ||    70
         Call Imp          |     2 |     1 ||     3
         Blink             |       |     1 ||     1
 Armour: Robe              |    18 |     8 ||    26
  Dodge: Dodged            |    19 |    13 ||    32

Table legend: (Time is in decaauts)
 A = Elapsed time spent in this place.
 B = Non-inter-level travel time spent in this place.
 C = Inter-level travel time spent in this place.
 D = Time resting spent in this place.
 E = Time spent auto-exploring this place.
 F = Levels seen in this place.
 G = Mean time per level.
                   A        B        C        D        E       F      G
               +--------+--------+--------+--------+--------+-----+--------+
         Total |   2056 |   1989 |     67 |      0 |   1706 |   3 |  685.3 |
       Dungeon |   2056 |   1989 |     67 |      0 |   1706 |   3 |  685.3 |
               +--------+--------+--------+--------+--------+-----+--------+

Top non-repeatable levels by time:
     D:1: 1015 daAuts
     D:2: 872 daAuts
     D:3: 167 daAuts
